 Dungeon Crawl Stone Soup version 0.22.1-1-ga44c0e56f4 (webtiles) character file.

516 Ivernyr the Magician (level 7, 50/50 HPs)
             Began as a Yellow Draconian Wizard on Oct 8, 2018.
             Quit the game on level 4 of the Dungeon.
             The game lasted 00:13:57 (5304 turns).

Ivernyr the Magician (Yellow Draconian Wizard)      Turns: 5304, Time: 00:13:58

Health: 50/50      AC: 11    Str:  9    XL:     7   Next: 0%
Magic:  15/15      EV: 14    Int: 20    God:
Gold:   327        SH:  0    Dex: 10    Spells: 8/17 levels left

rFire    . . .     SeeInvis .   h - +0 whip (flame)
rCold    . . .     Gourm    .   (no shield)
rNeg     . . .     Faith    .   (armour unavailable)
rPois    .         Spirit   .   a - +0 hat
rElec    .         Reflect  .   q - +0 cloak
rCorr    +         Harm     .   (no gloves)
MR       .....                  (no boots)
Stlth    ++........             (no amulet)
HPRegen  0.16/turn              l - +4 ring of protection
MPRegen  0.14/turn              d - +1 ring of evasion

@: no status effects
A: spit acid, acid resistance, unfitting armour, cold-blooded, AC +6
a: Breathe Acid


You were on level 4 of the Dungeon.
You were hungry.

You visited 1 branch of the dungeon, and saw 4 of its levels.

You collected 327 gold pieces.

Inventory:

Hand Weapons
 h - a +0 whip of flaming (weapon)
Armour
 a - a +0 hat (worn)
 q - a +0 cloak (worn)
Jewellery
 d - a +1 ring of evasion (right hand)
 l - a +4 ring of protection (left hand)
Wands
 e - a wand of random effects (35) (quivered)
Scrolls
 b - 2 scrolls of remove curse {unknown}
 i - 2 scrolls of enchant weapon {unknown}
 j - 4 scrolls of identify {unknown}
 m - a scroll of amnesia {unknown}
 p - 3 scrolls of enchant armour {unknown}
Potions
 f - 3 potions of curing
 g - 2 potions of degeneration {unknown}
 k - a potion of haste {unknown}
 n - 3 potions of might {unknown}
 o - 2 potions of heal wounds {unknown}
 r - a potion of ambrosia {unknown}
Comestibles
 c - 10 rations


   Skills:
 + Level 3.6 Dodging
 - Level 1.7 Stealth
 * Level 5.5 Spellcasting
 * Level 3.9 Conjurations
   Level 1.0 Summonings
 - Level 1.0 Translocations


You had 8 spell levels left.
You knew the following spells:

 Your Spells              Type           Power        Failure   Level  Hunger
a - Magic Dart            Conj           ###.         2%          1    None
b - Blink                 Tloc           N/A          11%         2    None
c - Conjure Flame         Conj/Fire      ##......     14%         3    ##.....
d - Mephitic Cloud        Conj/Pois/Air  ##......     19%         3    ##.....

Your spell library contained the following spells:

 Spells                   Type           Power        Failure   Level  Hunger
 Call Imp                 Summ           #.......     11%         2    None
 Slow                     Hex            #.......     17%         2    None


Dungeon Overview and Level Annotations

Branches:
Dungeon (4/15)
 Temple: D:4-7

Altars:
Hepliaklqana
Nemelex Xobeh
Okawaru
Uskayaw
The Shining One


Innate Abilities, Weirdness & Mutations

You can spit globs of acid.
You are resistant to acid.
Your golden yellow scales are hard. (AC +6)
You cannot fit into any form of body armour.
You are cold-blooded and may be slowed by cold attacks.


Message History

Casting: Magic Dart (safe; 2% risk of failure)
Confirm with . or Enter, or press ? or * to list all spells.
Aiming: Magic Dart (safe; 2% risk of failure)
Press: ? - help, Shift-Dir - straight line, f/p - centaur skeleton
Aim: a centaur skeleton (almost destroyed)
The magic dart hits the centaur skeleton.
You destroy the centaur skeleton!
You have reached level 7!
Your scales start taking on a golden yellow colour.
You can spit globs of acid.
You are resistant to acid.
You start resting.
HP restored.
You start resting.
Magic restored.
Quiver which item? (- for none, * to show all) (? for menu, Esc to quit)
You don't have any such object.
Quiver which item? (- for none, * to show all) (? for menu, Esc to quit)
Quivering
e - a wand of random effects (35) for throwing.
Unknown command.
Are you sure you want to abandon this character and quit the game? (Confirm

##.#######.# #..
#.....(....# #..
#..........# #..
#..........# ###
#..........###### ####
#..........##.... .....
#..........##....
.....###..........##....
.......@..........##....
................####....
................# #####
.....###........# .....
#........# ....
#........# ...
#........# ###
##########


There were no monsters in sight!

Vanquished Creatures
  A hippogriff (D:2)
  A centaur skeleton (D:4)
  Crazy Yiuf (D:3)
  Natasha (twice) (D:2)
  2 worker ants (D:4)
  3 gnolls (D:3)
  2 adders
  3 oozes
  5 dart slugs
  4 worms
  4 leopard geckos
  6 orcs
  4 giant cockroaches
  16 hobgoblins
  3 ball pythons
  10 bats
  3 frilled lizards
  11 goblins
  10 kobolds
  9 rats
100 creatures vanquished.

Notes
Turn   | Place    | Note
-------+----------+-------------------------------------------
     0 | D:1      | Ivernyr the Draconian Wizard began the quest for the Orb.
     0 | D:1      | Reached XP level 1. HP: 14/14 MP: 4/4
   321 | D:1      | Reached XP level 2. HP: 4/20 MP: 1/6
   623 | D:1      | Learned a level 2 spell: Blink
   986 | D:1      | Reached XP level 3. HP: 15/26 MP: 0/8
  1087 | D:1      | Learned a level 3 spell: Conjure Flame
  1091 | D:1      | Learned a level 3 spell: Mephitic Cloud
  1965 | D:2      | Found a hide-covered altar of Uskayaw.
  1966 | D:2      | Found a glowing golden altar of the Shining One.
  2214 | D:2      | Noticed a hippogriff
  2225 | D:2      | Killed a hippogriff
  2225 | D:2      | Reached skill level 4 in Spellcasting
  2225 | D:2      | Reached XP level 4. HP: 21/33 MP: 6/10
  2225 | D:2      | Reached XP level 5. HP: 24/38 MP: 7/12
  2529 | D:2      | Noticed Natasha
  2543 | D:2      | Killed Natasha
  2543 | D:2      | Reached skill level 5 in Spellcasting
  2543 | D:2      | Reached XP level 6. HP: 27/45 MP: 2/13
  2728 | D:2      | Found an iron altar of Okawaru.
  2836 | D:2      | Noticed Natasha
  2844 | D:2      | Killed Natasha
  3880 | D:3      | Found a runed door.
  3990 | D:3      | Found a hazy altar of Hepliaklqana.
  4022 | D:3      | Found a sparkling altar of Nemelex Xobeh.
  4384 | D:3      | Noticed Crazy Yiuf
  4396 | D:3      | Killed Crazy Yiuf
  5248 | D:4      | Your scales start taking on a golden yellow colour.
  5248 | D:4      | Reached XP level 7. HP: 44/50 MP: 7/15
  5304 | D:4      | Quit the game

Skill      XL: |  1  2  3  4  5 |
---------------+----------------+-----
Dodging        | 2 3 |  3.6
Spellcasting   | 4 5 |  5.5
Conjurations   | 2 3 |  3.9
Stealth        | |  1.7
Summonings     | |  1.0
Translocations | |  1.0

Action                   |  1- 3 |  4- 6 |  7- 9 || total
-------------------------+-------+-------+-------++-------
Melee: Unarmed           |    63 |       |       ||    63
       Tailslap          |    13 |    10 |       ||    23
       Whip              |    73 |    67 |       ||   140
 Cast: Magic Dart        |    60 |   173 |     1 ||   234
       Conjure Flame     |     1 |       |       ||     1
  Eat: Chunk             |     4 |     9 |       ||    13
Armor: Skin              |    44 |    37 |       ||    81
Dodge: Dodged            |    97 |    93 |       ||   190
